 Dungeon Crawl Stone Soup version 0.21-a0-91-ga5031da (webtiles) character file.

46244 Spazmo the Fighter (level 14, -11/133 HPs)
             Began as a Minotaur Berserker on June 30, 2017.
             Was a High Priest of Trog.
             Mangled by Rupert
             ... wielding a +2 battleaxe of electrocution
              (17 damage)
             ... on level 6 of the Lair of Beasts.
             The game lasted 00:59:35 (13276 turns).

Spazmo the Fighter (Minotaur Berserker)            Turns: 13276, Time: 00:59:35

Health: -11/133    AC: 28    Str: 22    XL:     14   Next: 4%
Magic:  0/4        EV: 16    Int:  4    God:    Trog [*****.]
Gold:   1317       SH:  0    Dex: 21    Spells: 13/13 levels left

rFire    . . .     SeeInvis .   F - +3 battleaxe (antimagic)
rCold    . . .     Gourm    .   (shield currently unavailable)
rNeg     . . .     Faith    .   w - +0 plate armour
rPois    .         Spirit   +   t - +2 hat
rElec    .         Reflect  .   C - +1 cloak
rCorr    .         Harm     .   Q - +2 pair of gloves
MR       +++..                  y - +2 pair of boots {run}
Stlth    ..........             h - amulet of guardian spirit
HPRegen  1.32/turn              v - +3 ring of dexterity
MPRegen  0.09/turn              D - +3 ring of dexterity

@: berserk cooldown, regenerating, slowed, very slow
A: retaliatory headbutt, horns 2
a: Berserk, Trog's Hand, Brothers in Arms, Burn Spellbooks, Renounce Religion


You were on level 6 of the Lair of Beasts.
You worshipped Trog.
Trog was extremely pleased with you.
You were very hungry.

You visited 2 branches of the dungeon, and saw 16 of its levels.
You also visited: Bailey.

You collected 1317 gold pieces.

Inventory:

Hand Weapons
 f - a +4 morningstar of holy wrath
 F - a +3 antimagic battleaxe (weapon)
Missiles
 a - 39 tomahawks of returning (quivered)
Armour
 t - a +2 hat (worn)
 w - a +0 plate armour (worn)
 y - a +2 pair of boots of running (worn)
 C - a +1 cloak (worn)
 L - a +0 buckler
 Q - a +2 pair of gloves (worn)
Jewellery
 h - an amulet of guardian spirit (around neck)
 n - a +1 ring of evasion
 v - a +3 ring of dexterity (left hand)
 D - a +3 ring of dexterity (right hand)
Wands
 m - a wand of digging (13/24)
 u - a wand of flame (23/48)
 x - a wand of paralysis (17/24)
 B - a wand of disintegration (17/24)
 G - a wand of digging (11/24)
 J - a wand of disintegration (12/24)
 K - a wand of flame (24/48)
 M - a wand of lightning (6/15)
 N - a wand of paralysis (6/24)
 P - a wand of confusion (19/48)
Scrolls
 b - 12 scrolls of identify
 j - 7 scrolls of teleportation
 o - 6 scrolls of remove curse
 q - a scroll of fog
 E - 2 scrolls of recharging
 H - 2 scrolls of fear
Potions
 e - a potion of cancellation
 k - a potion of magic
 l - 2 potions of agility
 p - a potion of invisibility
 s - 2 potions of curing
 z - a potion of heal wounds
 A - 2 potions of flight
 I - 2 potions of berserk rage
 O - a potion of mutation
Comestibles
 c - 11 bread rations
 d - 10 meat rations
 g - 21 royal jellies
 i - 3 chunks of flesh
 r - 20 fruits


   Skills:
 + Level 14.9 Fighting
 + Level 14.6 Axes
 + Level 14.2 Armour
 + Level 13.2 Dodging


You had 13 spell levels left.
You didn't know any spells.

Dungeon Overview and Level Annotations

Branches:
Dungeon (10/15)            Temple (0/1) D:6            Lair (6/6) D:10
  Swamp (0/4) Lair:2        Snake (0/4) Lair:2        Slime (0/5) Lair:5
    Orc: D:9-12

Altars:
Ashenzari
Cheibriados
Dithmenos
Gozag
Sif Muna
Vehumet
Xom
Yredelemnul
Jiyva

Shops:
D:8 *

Annotations:
Lair:1 exclusion: oklob plant
Lair:6 Rupert


Innate Abilities, Weirdness & Mutations

You reflexively headbutt those who attack you in melee.
You have a pair of horns on your head.


Message History

You feel yourself slow down. Something closely misses you.
You slash something! Something barely misses you.
You hit something. Something hits you but does no damage. Something hits you!
You are electrocuted!
You hit something.
Something hits you but does no damage. x2
You are electrocuted!
You slash something!
You feel the effects of Trog's Hand fading.
Something hits you! Something hits you but does no damage.
You are electrocuted!
* * * LOW HITPOINT WARNING * * *
You barely miss something. Something hits you!
* * * LOW HITPOINT WARNING * * *
You hit something but do no damage. You headbutt something. Something hits you!
* * * LOW HITPOINT WARNING * * *
Something hits you but does no damage.
You slash something! You headbutt something. Something hits you!
* * * LOW HITPOINT WARNING * * *
You are electrocuted!
You die...

######################
#...#....#...........# .
....P.P.PPP..........#..
......#PPP.......P......
#..#.....P.......#..(..P
........................
................@{..P...
.................#......
....P.............P.....
...#................##..
...#P.............#... .
#..##............##.##.
##### ...P..##.........#
. #####...##
.................. #
#.#......P
#.....P#.P.#..
####.........


There were no monsters in sight!

Vanquished Creatures
  Gastronok (D:9)
  7 hydras
  3 catoblepae
  3 death yaks (Lair:6)
  2 two-headed ogres
  The ghost of Caerwyn the Slicer, a journeyman VSFi of Uskayaw (Lair:1)
  The ghost of Guenter the Cleaver, a novice DsGl of Okawaru (D:10)
  An unseen horror (D:9)
  3 lindwurms
  The ghost of plsesad the Changer, a novice TrTm (D:6)
  2 manticores (Lair:6)
  Maurice (D:9)
  3 black mambas (Lair:6)
  14 elephants
  A torpor snail (Lair:6)
  A guardian serpent (Lair:2)
  3 rime drakes
  7 spiny frogs
  9 komodo dragons
  A queen bee (Lair:5)
  3 meliai (Lair:5)
  A troll (D:8)
  2 polar bears
  Grinder (D:6)
  Prince Ribbit (D:7)
  A blink frog (Lair:6)
  4 dream sheep
  4 hippogriffs
  Sigmund (D:6)
  3 basilisks
  30 yaks
  A hungry ghost (D:5)
  Eustachio (D:6)
  8 water moccasins
  11 porcupines
  Duvessa (D:6)
  2 sky beasts
  8 orc warriors
  A swamp drake (Lair:2)
  3 ice beasts
  2 black bears
  4 ogres
  A phantom (D:4)
  2 necrophages (D:10)
  A centaur (D:8)
  10 wolves (Lair:1)
  14 crocodiles
  4 big kobolds
  15 bullfrogs
  Dowan (D:6)
  A scorpion (D:5)
  A wyvern skeleton (D:6)
  26 killer bees
  5 howler monkeys (D:7)
  8 wights
  A crimson imp (D:5)
  A gnoll shaman (D:4)
  2 jellies
  3 orc priests
  3 bullfrog skeletons
  A centaur skeleton (D:4)
  8 hounds
  4 iguanas
  An orc wizard (D:6)
  8 worker ants
  A howler monkey skeleton (D:4)
  12 adders
  13 gnolls
  2 shadow imps
  2 oozes
  An adder skeleton (D:7)
  2 adder zombies
  5 worms
  A dart slug (D:1)
  6 leopard geckos
  19 orcs
  10 giant cockroaches
  12 goblins
  4 hobgoblins
  12 jackals
  20 kobolds
  5 quokkas
  11 bats
  5 frilled lizards
  A jackal skeleton (D:7)
  2 leopard gecko zombies (D:6)
  2 quokka skeletons (D:7)
  9 rats
  2 fungi
  4 plants
442 creatures vanquished.

Vanquished Creatures (others)
  3 fungi
  21 plants
24 creatures vanquished.

Grand Total: 466 creatures vanquished

Notes
Turn   | Place    | Note
-------+----------+-------------------------------------------
     0 | D:1      | Spazmo the Minotaur Berserker began the quest for the Orb.
     0 | D:1      | Reached XP level 1. HP: 19/19 MP: 0/0
    32 | D:1      | Reached XP level 2. HP: 15/27 MP: 1/1
   622 | D:1      | Reached XP level 3. HP: 33/33 MP: 2/2
   718 | D:1      | Reached ** piety under Trog
   822 | D:2      | Found a snail-covered altar of Cheibriados.
   988 | D:2      | Found a shattered altar of Ashenzari.
  1147 | D:2      | Reached XP level 4. HP: 38/41 MP: 3/3
  1751 | D:3      | Reached *** piety under Trog
  1759 | D:3      | Reached XP level 5. HP: 43/47 MP: 4/4
  2298 | D:4      | Got a faintly glowing falchion
  2299 | D:4      | Identified the +0 falchion of the Harvest {venom, rF++ rN+ Str-5 Int+2} (You found it on level 4 of the Dungeon)
  2326 | D:4      | Reached skill level 5 in Fighting
  2361 | D:4      | Reached skill level 5 in Axes
  2361 | D:4      | Reached XP level 6. HP: 41/56 MP: 5/5
  2863 | D:5      | Entered Level 5 of the Dungeon
  2908 | D:5      | Reached **** piety under Trog
  2943 | D:5      | Noticed a sky beast
  2952 | D:5      | Killed a sky beast
  2952 | D:5      | Reached skill level 5 in Armour
  2952 | D:5      | Reached XP level 7. HP: 62/62 MP: 6/6
  2980 | D:5      | Noticed a hungry ghost
  3000 | D:5      | Killed a hungry ghost
  3089 | D:5      | Reached skill level 5 in Dodging
  3148 | D:5      | Found an opulent altar of Gozag.
  3483 | D:6      | Noticed Sigmund
  3499 | D:6      | Killed Sigmund
  3499 | D:6      | Reached XP level 8. HP: 44/71 MP: 4/7
  3710 | D:6      | Noticed Grinder
  3721 | D:6      | Paralysed by Grinder for 5 turns
  3730 | D:6      | Killed Grinder
  3826 | D:6      | Noticed Eustachio
  3845 | D:6      | Killed Eustachio
  3860 | D:6      | Noticed Duvessa
  3864 | D:6      | Noticed Dowan
  3871 | D:6      | Killed Duvessa
  3874 | D:6      | HP: 1/73 [Dowan/shard of ice (19)]
  3885 | D:6      | Killed Dowan
  4042 | D:6      | Noticed plsesad's ghost (novice TrTm)
  4050 | D:6      | Received a gift from Trog
  4059 | D:6      | Killed plsesad's ghost
  4059 | D:6      | Reached XP level 9. HP: 50/82 MP: 5/8
  4360 | D:6      | Found a staircase to the Ecumenical Temple.
  4516 | D:6      | Found a deep blue altar of Sif Muna.
  4776 | D:7      | Noticed Prince Ribbit
  4782 | D:7      | Killed Prince Ribbit
  4996 | D:7      | Reached ***** piety under Trog
  5033 | D:7      | Found a radiant altar of Vehumet.
  5311 | D:8      | Reached XP level 10. HP: 89/91 MP: 9/9
  5466 | D:8      | Noticed a two-headed ogre
  5472 | D:8      | Killed a two-headed ogre
  5472 | D:8      | Reached skill level 10 in Fighting
  5472 | D:8      | Reached skill level 10 in Axes
  5560 | D:8      | Got a fine dagger
  5561 | D:8      | Identified the +4 dagger of the Immovable Emperors {protect, MR+ Str+4 Dex-4} (You found it on level 8 of the Dungeon)
  5575 | D:8      | Found Jiucefyu's Assorted Antiques.
  5690 | D:8      | Found a flagged portal.
  5702 | Bailey   | Entered a bailey
  5888 | Bailey   | Got a brightly glowing halberd
  5889 | Bailey   | Identified the +2 halberd "Memuloah" {protect, MP+9} (You found it in a bailey)
  6356 | D:9      | Noticed Erolcha
  6510 | D:9      | Noticed Gastronok
  6530 | D:9      | Killed Gastronok
  6530 | D:9      | Reached skill level 10 in Armour
  6530 | D:9      | Reached XP level 11. HP: 94/102 MP: 8/10
  6573 | D:9      | Noticed Maurice
  6586 | D:9      | Killed Maurice
  6604 | D:9      | Got a smoking trident
  6605 | D:9      | Identified the +5 trident "Boeph" {antimagic, Fragile rF++} (You found it on level 9 of the Dungeon)
  6716 | D:9      | Reached ****** piety under Trog
  6757 | D:9      | Noticed a three-headed hydra
  6770 | D:9      | Killed a three-headed hydra
  6770 | D:9      | Reached skill level 10 in Dodging
  6856 | D:9      | Found a basalt altar of Yredelemnul.
  6857 | D:9      | Found a shimmering altar of Xom.
  6901 | D:9      | Killed an unseen horror
  7170 | D:10     | Entered Level 10 of the Dungeon
  7218 | D:10     | Noticed a two-headed ogre
  7230 | D:10     | Killed a two-headed ogre
  7236 | D:10     | Found a staircase to the Lair.
  7333 | D:10     | Found a shadowy altar of Dithmenos.
  7688 | D:10     | Noticed Guenter's ghost (novice DsGl)
  7716 | D:10     | Killed Guenter's ghost
  8009 | Lair:1   | Entered Level 1 of the Lair of Beasts
  8253 | Lair:1   | Noticed Caerwyn's ghost (journeyman VSFi)
  8266 | Lair:1   | Killed Caerwyn's ghost
  8392 | Lair:1   | Noticed an oklob plant
  8518 | Lair:1   | Noticed a four-headed hydra
  8526 | Lair:1   | Killed a four-headed hydra
  8526 | Lair:1   | Reached XP level 12. HP: 37/113 MP: 4/11
  9112 | Lair:2   | Found a staircase to the Snake Pit.
  9167 | Lair:2   | Found a staircase to the Swamp.
  9173 | Lair:2   | Received a gift from Trog
  9581 | Lair:3   | Noticed a catoblepas
  9599 | Lair:3   | Killed a catoblepas
  9894 | Lair:3   | Identified a scroll of acquirement
  9901 | Lair:3   | Identified a +2 pair of boots of running (You acquired it on level 3 of the Lair of Beasts)
 11106 | Lair:4   | Reached XP level 13. HP: 98/122 MP: 4/12
 11579 | Lair:5   | Found a staircase to the Slime Pits.
 11583 | Lair:5   | Found a viscous altar of Jiyva.
 11960 | Lair:5   | Received a gift from Trog
 12513 | Lair:6   | Entered Level 6 of the Lair of Beasts
 13163 | Lair:6   | Reached XP level 14. HP: 94/133 MP: 4/13
 13177 | Lair:6   | Found a snail-covered altar of Cheibriados.
 13259 | Lair:6   | Noticed Rupert
 13276 | Lair:6   | HP: 6/133 [something (7)]
 13276 | Lair:6   | Mangled by Rupert

Vault maps used:
D:1:      arrival_zaba_pyramid, minmay_tetromino_i4
D:2:      cheibrodos_helix_gallery, old_standard_altar, evilmike_ruin_ashenzari
D:3:      first_bread, kennysheep_potato
D:5:      nicolae_overflow_hidden_temple, serial_corexii_hall,
          corexii_hall_statues_x, corexii_hall_statues_u,
          corexii_hall_statues_l, corexii_hall_statues_s
D:6:      led_sif_book, minmay_temple_entry_nine_rooms, uniq_eustachio,
          uniq_grinder, uniq_sigmund, uniq_duvessa
D:7:      nicolae_overflow_crystal_walls, uniq_prince_ribbit1
D:8:      enter_bailey_3, serial_shops, nicolae_shop_statue_plus,
          serial_bayou_crossing
D:9:      grunt_temple_overflow_open, hangedman_ranch, nrook_mini_vaults,
          minmay_gold_behind_fungi, uniq_erolcha, uniq_maurice, uniq_gastronok
D:10:     lair_entry_dummy, basic_altar
Lair:1:   minmay_lair_oklob_items, beast_lair_carwin_3,
          infiniplex_staircase_pool_2, lemuel_fruit_tree
Lair:2:   minmay_swamp_entry_reptiles, minmay_snake_entry_spellcaster
Lair:3:   cheibrodos_lair_overgrown_chateau
Lair:5:   slime_altar_1, special_room, minmay_stone_trees_small
Lair:6:   hangedman_lair_in_review, hangedman_lair_caniforms_friends,
          basic_altar, uniq_rupert
Bailey:   bailey_axe_4, bailey

Skill      XL: |  1  2  3  4  5  6  7  8  9 10 11 12 13 |
---------------+----------------------------------------+-----
Fighting       | 4 5 6 8 9 11 12 13 14 | 14.9
Axes           | 4 5 6 8 9 10 12 13 14 | 14.6
Armour         | 3 4 5 6 7 8 10 11 13 14 | 14.2
Dodging        | 3 4 5 7 8 9 11 12 13 | 13.2

Action                   |  1- 3 |  4- 6 |  7- 9 | 10-12 | 13-15 || total
-------------------------+-------+-------+-------+-------+-------++-------
Melee: Hand axe          |    67 |       |       |       |       ||    67
       Headbutt          |    14 |    20 |    57 |   176 |   110 ||   377
       War axe           |    10 |   150 |   255 |    58 |       ||   473
       Broad axe         |       |       |       |   339 |       ||   339
       Morningstar       |       |       |       |    16 |    23 ||    39
       Battleaxe         |       |       |       |   125 |   257 ||   382
Throw: Tomahawk          |       |       |     2 |     1 |       ||     3
Invok: Berserk           |       |       |     3 |     3 |     1 ||     7
       Burn Spellbooks   |       |       |     1 |     3 |       ||     4
       Trog's Hand       |       |       |     1 |     2 |     1 ||     4
  Use: Scroll            |     3 |     4 |     4 |    13 |     2 ||    26
       Potion            |     1 |       |     5 |     5 |     2 ||    13
 Stab: Sleeping          |     2 |       |       |       |       ||     2
       Petrified         |       |       |       |     2 |     3 ||     5
       Petrifying        |       |       |       |     1 |     1 ||     2
  Eat: Chunk             |     1 |     6 |    10 |    17 |     7 ||    41
       Fruit             |       |       |     3 |     4 |       ||     7
       Royal jelly       |       |       |     1 |     1 |       ||     2
Armor: Animal skin       |    12 |       |       |       |       ||    12
       Scale mail        |    16 |    11 |       |       |       ||    27
       Chain mail        |       |    67 |    87 |       |       ||   154
       Skin              |       |       |     5 |       |       ||     5
       Ring mail         |       |       |    29 |    30 |       ||    59
       Plate armour      |       |       |       |   282 |   293 ||   575
Dodge: Dodged            |    54 |    71 |   168 |   422 |   322 ||  1037
